 Dungeon Crawl Stone Soup version 0.25-a0-731-g0472a16d6a (webtiles) character file.

Game seed: 10667387879305819827, levelgen mode: deterministic

5431 nono the Fighter (level 10, -10/60 HPs)
             Began as a Vine Stalker Monk on Apr 8, 2020.
             Was a High Priest of Okawaru.
             Mangled by a two-headed ogre
             ... wielding a +0 giant spiked club
              (16 damage)
             ... on level 9 of the Dungeon.
             The game lasted 00:22:39 (6509 turns).

nono the Fighter (Vine Stalker Monk)                Turns: 6509, Time: 00:22:43

Health: -10/60     AC: 13    Str: 17    XL:     10   Next: 67%
Magic:  0/11       EV: 16    Int: 10    God:    Okawaru [*****.]
Gold:   367        SH:  0    Dex: 20    Spells: 9/9 levels left

rFire    . . .     SeeInvis .   Q - +5 short sword (freeze)
rCold    . . .     Gourm    .   (no shield)
rNeg     . . .     Faith    .   M - +2 ring mail {MR+}
rPois    .         Spirit   +   C - +1 helmet
rElec    .         Reflect  .   (no cloak)
rCorr    .         Harm     .   T - +2 pair of gloves {Dex+3}
MR       ++...                  (no boots)
Stlth    +++.......             (no amulet)
HPRegen  0.60/turn              (no ring)
MPRegen  0.12/turn              (no ring)

@: heroism
A: fangs 3, regeneration 1, magic shield, antimagic bite, no potion heal 3, rot
immunity
a: Heroism, Finesse, Renounce Religion


You were on level 9 of the Dungeon.
You worshipped Okawaru.
Okawaru was extremely pleased with you.
You were not hungry.

You visited 2 branches of the dungeon, and saw 10 of its levels.
You also visited: Ossuary.

You collected 523 gold pieces.
You spent 156 gold pieces at shops.

Inventory:

Hand Weapons
 a - a +0 short sword
 p - a +1 antimagic mace
 E - a +4 short sword of draining
 F - a +2 dagger of venom
 N - a +2 whip of electrocution
 P - a +3 scimitar
 Q - a +5 short sword of freezing (weapon)
 S - a +5 whip
Armour
 b - a +0 robe
 e - a +0 chain mail
 i - a +0 helmet
 y - a +0 crystal plate armour
 C - a +1 helmet (worn)
 M - a +2 ring mail of magic resistance (worn)
 T - a +2 pair of gloves of dexterity (worn)
Jewellery
 s - an uncursed ring of fire
 u - an uncursed ring of wizardry
Wands
 d - a wand of polymorph (8)
 g - a wand of flame (101)
 K - a wand of paralysis (6)
 O - a wand of digging (7)
Scrolls
 j - 3 scrolls of fog {unknown}
 k - 3 scrolls of enchant weapon {unknown}
 m - 4 scrolls of amnesia
 o - 2 scrolls of magic mapping {unknown}
 r - 3 scrolls of teleportation {unknown}
 t - 2 scrolls of remove curse {unknown}
 v - 2 scrolls of blinking {unknown}
 w - a scroll of immolation {unknown}
 D - 2 scrolls of enchant armour {unknown}
 G - a scroll of noise {unknown}
 J - 2 scrolls of fear {unknown}
 L - a scroll of random uselessness {unknown}
 U - 3 scrolls of identify
Potions
 f - 10 potions of curing
 h - 2 potions of heal wounds
 l - 2 potions of resistance
 n - 4 potions of stabbing
 q - a potion of might
 x - a potion of ambrosia
 z - 2 potions of haste {unknown}
 A - a potion of berserk rage {unknown}
 B - a potion of magic
 H - 3 potions of flight {unknown}
 I - a potion of brilliance {unknown}
 R - a potion of invisibility
Comestibles
 c - 11 rations
 V - 3 chunks of flesh


   Skills:
 + Level 10.4(15.4) Fighting
 + Level 7.7(12.7) Short Blades
 - Level 7.0(12.0) Maces & Flails
 - Level 2.4(7.4) Dodging
 - Level 2.4(7.4) Stealth


You had 9 spell levels left.
You didn't know any spells.
Your spell library contained the following spells:

 Spells                   Type           Power        Failure   Level  Hunger
 Foxfire                  Conj/Fire      #...         54%         1    ##.....
 Magic Dart               Conj           #...         54%         1    ##.....
 Blink                    Tloc           N/A          69%         2    ###....
 Call Imp                 Summ           #.......     69%         2    ###....
 Slow                     Hex            #.......     69%         2    ###....
 Confusing Touch          Hex            #.......     89%         3    ####...
 Conjure Flame            Conj/Fire      #.......     89%         3    ####...
 Gell's Gravitas          Tloc           #.........   89%         3    ####...
 Inner Flame              Hex/Fire       #.......     89%         3    ####...
 Mephitic Cloud           Conj/Pois/Air  #.......     89%         3    ####...
 Petrify                  Tmut/Erth      #.......     100%        4    #####..
 Sticky Flame             Conj/Fire      #.......     100%        4    #####..
 Fireball                 Conj/Fire      #.........   100%        5    ######.
 Metabolic Englaciation   Hex/Ice        #.........   100%        5    ######.
 Yara's Violent Unravell  Hex/Tmut       #.........   100%        5    ######.


Dungeon Overview and Level Annotations

Branches:
Dungeon (9/15)             Temple (1/1) D:4         Ossuary (visited)
   Lair: D:8-11         Orc: D:9-12

Altars:
Ashenzari
Cheibriados
Dithmenos
Gozag
Makhleb
Nemelex Xobeh
Okawaru
Qazlal
Ru
Sif Muna
Trog
Uskayaw
Vehumet
Wu Jian
Xom
Zin
The Shining One

Shops:
D:7 }

Annotations:
D:3 2 transporters, 1 runed translucent door, Crazy Yiuf; Prakerore's ghost, weakling DsNe


Innate Abilities, Weirdness & Mutations

You have razor-sharp teeth.
Your natural rate of healing is unusually fast.
When hurt, damage is shared between your health and your magic reserves.
Your bite disrupts and absorbs the magic of your enemies.
Potions cannot restore your health.
You are immune to rotting.


Message History

The two-headed ogre hits you with a +0 giant club!
You gain the combat prowess of a mighty hero.
You puncture the two-headed ogre! You freeze the two-headed ogre.
You bite the two-headed ogre! You drain its power.
You feel invigorated.
The two-headed ogre is moderately wounded.
The two-headed ogre misses you.
The two-headed ogre hits you with a +0 giant club!!
* * * LOW HITPOINT WARNING * * *
You completely miss the two-headed ogre.
You bite the two-headed ogre. You drain its power.
You feel invigorated.
The two-headed ogre is moderately wounded.
You puncture the two-headed ogre! You freeze the two-headed ogre.
The two-headed ogre is severely wounded.
You barely miss the two-headed ogre.
You bite the two-headed ogre, but do no damage.
The two-headed ogre is severely wounded.
The two-headed ogre hits you with a +0 giant spiked club!
* * * LOW HITPOINT WARNING * * *
The two-headed ogre hits you with a +0 giant club!!
You die...

###..#
######
#...## #
#.### #
###.# #
#...# #
##'#######
#####
#.........
.....
#.........
.....
#.@.......
.....
#..O......
.....
#.........
.....
#.........
.....
########+#
#####


You could see a two-headed ogre.

Vanquished Creatures
  A two-headed ogre (D:9)
  Psyche (D:8)
  A hornet (D:8)
  A hippogriff (D:9)
  A wyvern (D:4)
  A hungry ghost (D:9)
  Menkaure (D:5)
  Duvessa (D:5)
  2 ice beasts
  An orc warrior (D:8)
  2 sky beasts
  2 phantoms
  A necrophage (D:8)
  A hornet zombie (D:9)
  6 ogres
  A centaur (D:9)
  A crocodile (D:9)
  A big kobold (D:7)
  5 bullfrogs
  A gnoll sergeant (D:7)
  Dowan (D:5)
  A scorpion (D:5)
  A water moccasin skeleton (D:6)
  3 wights (D:8)
  2 howler monkeys
  A bullfrog zombie (D:8)
  2 centaur zombies
  3 crimson imps
  3 orc priests
  A gnoll shaman (D:6)
  3 hounds
  2 quasits
  A centaur skeleton (D:4)
  Ijyb (D:5)
  7 orc wizards
  A killer bee zombie (D:5)
  5 worker ants
  5 big kobold zombies (Ossuary)
  A hound zombie (D:8)
  A hound skeleton (D:5)
  A howler monkey zombie (D:8)
  A mummy (Ossuary)
  6 gnolls
  9 adders
  3 shadow imps
  An ooze (D:1)
  An adder zombie (D:5)
  5 worms
  2 dart slugs (D:1)
  5 leopard geckos
  25 orcs
  6 spectral bats (Ossuary)
  3 ball pythons
  4 giant cockroaches
  11 goblins
  5 hobgoblins
  15 jackals
  9 kobolds
  9 quokkas
  8 bats
  4 bat simulacra (Ossuary)
  8 frilled lizards
  7 gnoll zombies (Ossuary)
  2 goblin simulacra (Ossuary)
  4 goblin zombies (Ossuary)
  4 hobgoblin zombies (Ossuary)
  2 kobold simulacra (Ossuary)
  4 kobold zombies (Ossuary)
  6 orc zombies (Ossuary)
  10 rats
  5 rat simulacra (Ossuary)
  2 spectral goblins (Ossuary)
  3 spectral kobolds (Ossuary)
  2 spectral rats (Ossuary)
269 creatures vanquished.

Notes
Turn   | Place    | Note
-------+----------+-------------------------------------------
     0 | D:1      | nono the Vine Stalker Monk began the quest for the Orb.
     0 | D:1      | Reached XP level 1. HP: 11/11 MP: 2/2
   283 | D:1      | Reached XP level 2. HP: 9/16 MP: 3/3
   320 | D:1      | Reached skill level 3 in Fighting
   771 | D:1      | Reached XP level 3. HP: 20/20 MP: 4/4
  1070 | D:2      | Found a shadowy altar of Dithmenos.
  1353 | D:2      | Found a stormy altar of Qazlal.
  1426 | D:2      | Noticed a +0 hand axe
  1433 | D:2      | Noticed a +0 dagger
  1455 | D:2      | Found an opulent altar of Gozag.
  1494 | D:2      | Found a hide-covered altar of Uskayaw.
  1503 | D:2      | Noticed a bullfrog
  1505 | D:2      | Gained mutation: Your natural rate of healing is unusually
                  | fast. [Vine Stalker growth]
  1505 | D:2      | Reached XP level 4. HP: 23/25 MP: 5/5
  1519 | D:2      | Found a burning altar of Makhleb.
  1528 | D:1      | Killed a bullfrog
  1528 | D:1      | Reached skill level 4 in Fighting
  1528 | D:1      | Reached XP level 5. HP: 18/29 MP: 6/6
  1951 | D:3      | Reached skill level 1 in Maces & Flails
  1991 | D:3      | Noticed Prakerore's ghost (weakling DsNe)
  1992 | D:3      | Found a transporter.
  2010 | D:3      | Found a transporter.
  2094 | D:3      | Found a runed translucent door.
  2095 | D:3      | Noticed Crazy Yiuf
  2197 | D:3      | Reached XP level 6. HP: 30/34 MP: 2/7
  2647 | D:4      | Found a staircase to the Ecumenical Temple.
  2666 | Temple   | Entered the Ecumenical Temple
  2712 | Temple   | Became a worshipper of Warmaster Okawaru
  2712 | Temple   | Reached * piety under Okawaru
  2712 | Temple   | Reached ** piety under Okawaru
  2755 | D:4      | Noticed a wyvern
  2763 | D:4      | Killed a wyvern
  2763 | D:4      | Reached skill level 5 in Fighting
  2763 | D:4      | Reached XP level 7. HP: 39/39 MP: 3/8
  2992 | D:5      | Entered Level 5 of the Dungeon
  3013 | D:5      | Noticed Menkaure
  3058 | D:5      | Killed Menkaure
  3165 | D:5      | Reached skill level 6 in Fighting
  3256 | D:5      | Noticed Ijyb
  3263 | D:5      | Killed Ijyb
  3275 | D:5      | Reached *** piety under Okawaru
  3275 | D:5      | Gained mutation: You have razor-sharp teeth. [Vine Stalker
                  | growth]
  3275 | D:5      | Reached XP level 8. HP: 37/44 MP: 1/9
  3495 | D:5      | Noticed Duvessa
  3495 | D:5      | Noticed Dowan
  3506 | D:5      | Killed Duvessa
  3518 | D:5      | Killed Dowan
  3518 | D:5      | Reached skill level 5 in Maces & Flails
  3718 | D:6      | Reached skill level 7 in Fighting
  3926 | D:6      | Reached **** piety under Okawaru
  3959 | D:6      | Reached skill level 5 in Short Blades
  3959 | D:6      | Reached XP level 9. HP: 51/51 MP: 10/10
  4253 | D:7      | Found a radiant altar of Vehumet.
  4340 | D:7      | Reached skill level 8 in Fighting
  4448 | D:7      | Found Vilej's Gadget Shop.
  4453 | D:7      | Bought a wand of paralysis (10) for 156 gold pieces
  5074 | D:8      | Noticed Psyche
  5101 | D:8      | Killed Psyche
  5101 | D:8      | Reached ***** piety under Okawaru
  5101 | D:8      | Received a gift from Okawaru
  5101 | D:8      | Reached skill level 9 in Fighting
  5136 | D:8      | Reached XP level 10. HP: 31/58 MP: 11/11
  5155 | D:8      | Found a sand-covered staircase.
  5172 | Ossuary  | Entered an ossuary
  5689 | D:8      | Paralysed by a hornet for 2 turns
  6121 | D:9      | Noticed a two-headed ogre
  6137 | D:9      | Killed a two-headed ogre
  6137 | D:9      | Reached skill level 10 in Fighting
  6406 | D:9      | Received a gift from Okawaru
  6500 | D:9      | Noticed a two-headed ogre
  6509 | D:9      | Mangled by a two-headed ogre

Levels and vault maps discovered:
D:1:      psy_arrival_whirlpool, layout_basic, minmay_ruptured
D:2:      layout_basic, grunt_gozag_breadcrumbs, dancing_weapons_uskayaw,
          grunt_qazlal_sundering, lemuel_crystal_altar,
          grunt_dithmenos_smoke_and_mirrors
D:3:      layout_rooms, gammafunk_ghost_arena, uniq_crazy_yiuf_cottage
D:4:      layout_cave_pools, minmay_temple_entry_slanted,
          minmay_misc_feat_plants
D:5:      layout_rooms, first_ration, bh_walls_and_bars, uniq_menkaure,
          uniq_ijyb, uniq_duvessa
D:6:      layout_cave_pools, serial_bayou_pond_b
D:7:      layout_basic, vehumet_altar_wand_db, serial_shops, nicolae_shop_stone
D:8:      layout_cave_pools, chequers_ossuary_entry_cave, uniq_psyche
D:9:      layout_roguey
Temple:   eino_temple_rhombus

Skill      XL: |  1  2  3  4  5  6  7  8  9 10 |
---------------+-------------------------------+-----
Fighting       | 3 4 5 6 7 9 10 | 10.4
Short Blades   | 3 4 5 6 7 |  7.7
Maces & Flails | 1 3 4 5 6 7 |  7.0
Dodging        | |  2.4
Stealth        | |  2.4

Action                   |  1- 3 |  4- 6 |  7- 9 | 10-12 || total
-------------------------+-------+-------+-------+-------++-------
Melee: Short sword       |   117 |    63 |   183 |   220 ||   583
       Bite              |    35 |    64 |   120 |    94 ||   313
       Mace              |       |   147 |   139 |       ||   286
       Whip              |       |       |    22 |    35 ||    57
       Punch             |       |       |     1 |     1 ||     2
Invok: Heroism           |       |       |     6 |     4 ||    10
Evoke: Wand              |     1 |     5 |     6 |     3 ||    15
  Use: Scroll            |       |       |     6 |     3 ||     9
       Potion            |       |       |     1 |       ||     1
 Stab: Paralysed         |     1 |     7 |     4 |       ||    12
       Invisible         |       |       |     2 |       ||     2
       Sleeping          |       |       |       |     4 ||     4
  Eat: Chunk             |     2 |     4 |     9 |     5 ||    20
Armor: Robe              |     4 |       |       |       ||     4
       Chain mail        |    41 |   167 |   133 |       ||   341
       Ring mail         |       |       |    36 |    64 ||   100
Dodge: Dodged            |    47 |   108 |   119 |   116 ||   390

Table legend:
 A = Non-vault XP
 B = Vault XP
 C = Vault XP percentage of total XP
 D = Non-vault monster count
 E = Vault monster count
 F = Vault count percentage of total count
                 A         B        C        D         E       F
            +---------+---------+-------+---------+---------+-------
      Total |    6499 |    1260 |  16.2 |     198 |      71 |  26.4
            +---------+---------+-------+---------+---------+-------
        D:1 |     148 |       4 |   2.6 |      23 |       2 |   8.0
        D:2 |      72 |       0 |   0.0 |      25 |       0 |   0.0
        D:3 |     191 |       0 |   0.0 |      32 |       0 |   0.0
        D:4 |     326 |       0 |   0.0 |      17 |       0 |   0.0
        D:5 |     420 |     424 |  50.2 |       9 |       4 |  30.8
        D:6 |     695 |     169 |  19.6 |      25 |       6 |  19.4
        D:7 |     602 |       2 |   0.3 |      11 |       1 |   8.3
        D:8 |    1848 |     448 |  19.5 |      38 |       1 |   2.6
        D:9 |    2197 |       0 |   0.0 |      18 |       0 |   0.0
    Ossuary |       0 |     213 | 100.0 |       0 |      57 | 100.0
            +---------+---------+-------+---------+---------+-------
